 Dungeon Crawl Stone Soup version 0.23-a0-767-gdc19b93d68 (webtiles) character file.

56 Cecky the Magician (level 3, -2/26 HPs)
             Began as a Gnoll Wizard on Jan 19, 2019.
             Was an Initiate of Ashenzari.
             Slain by Sigmund
             ... wielding a +0 scythe
              (6 damage)
             ... on level 2 of the Dungeon.
             The game lasted 00:03:19 (1979 turns).

Cecky the Magician (Gnoll Wizard)                   Turns: 1979, Time: 00:03:20

Health: -2/26      AC:  2    Str:  9    XL:     3   Next: 97%
Magic:  4/11       EV: 14    Int: 21    God:    Ashenzari [......]
Gold:   23         SH:  0    Dex: 13    Spells: 8/16 levels left

rFire    . . .     SeeInvis .   h - +0 hand axe
rCold    . . .     Gourm    .   (no shield)
rNeg     . . .     Faith    .   a - +0 robe
rPois    .         Spirit   .   b - +0 hat
rElec    .         Reflect  .   (no cloak)
rCorr    .         Harm     .   (no gloves)
MR       .....                  (no boots)
Stlth    +++.......             (no amulet)
HPRegen  0.08/turn              (no ring)
MPRegen  0.12/turn              (no ring)

@: no status effects
A: distributed training, fangs 1, strong nose
a: Curse Item, Renounce Religion


You were on level 2 of the Dungeon.
You worshipped Ashenzari.
Ashenzari was noncommittal.
You were not hungry.

You visited 1 branch of the dungeon, and saw 2 of its levels.

You collected 23 gold pieces.

Inventory:

Hand Weapons
 h - a +0 hand axe (weapon)
 i - a +0 hunting sling
Missiles
 e - 74 stones (quivered)
Armour
 a - a +0 robe (worn)
 b - a +0 hat (worn)
 c - a +0 shield
Jewellery
 f - an uncursed ring of see invisible
 o - a cursed -3 ring of intelligence
Scrolls
 g - a scroll of amnesia {unknown}
 n - a scroll of random uselessness {unknown}
 p - a scroll of teleportation {unknown}
Potions
 j - a potion of curing {unknown}
 k - 2 potions of flight {unknown}
 l - a potion of heal wounds {unknown}
Comestibles
 d - 4 rations
 m - 2 chunks of flesh


   Skills:
 + Level 1.0 Fighting
 + Level 1.0 Short Blades
 + Level 1.0 Long Blades
 + Level 1.0 Axes
 + Level 1.0 Maces & Flails
 + Level 1.0 Polearms
 + Level 1.0 Staves
 + Level 1.0 Slings
 + Level 1.0 Bows
 + Level 1.0 Crossbows
 + Level 1.0 Throwing
 + Level 1.0 Armour
 + Level 4.6 Dodging
 + Level 4.2 Stealth
 + Level 1.0 Shields
 + Level 1.0 Unarmed Combat
 + Level 7.1 Spellcasting
 + Level 2.1 Conjurations
 + Level 0.7 Hexes
 + Level 0.7 Charms
 + Level 2.1 Summonings
 + Level 0.7 Necromancy
 + Level 2.1 Translocations
 + Level 0.7 Transmutations
 + Level 0.7 Fire Magic
 + Level 0.7 Ice Magic
 + Level 0.7 Air Magic
 + Level 0.7 Earth Magic
 + Level 0.7 Poison Magic
 + Level 1.0 Invocations
 + Level 1.0 Evocations


You had 8 spell levels left.
You knew the following spells:

 Your Spells              Type           Power        Failure   Level  Hunger
a - Magic Dart            Conj           ###.         3%          1    None
b - Blink                 Tloc           N/A          5%          2    None
c - Call Imp              Summ           ###.....     5%          2    None
d - Mephitic Cloud        Conj/Pois/Air  ##......     16%         3    None

Your spell library contained the following spells:

 Spells                   Type           Power        Failure   Level  Hunger
 Slow                     Hex            ##......     10%         2    None
 Conjure Flame            Conj/Fire      ##......     14%         3    None


Dungeon Overview and Level Annotations

Branches:
Dungeon (2/15)

Altars:
Ashenzari
Ru

Annotations:
D:2 Sigmund


Innate Abilities, Weirdness & Mutations

Your experience applies equally to all skills.
You have very sharp teeth.
Your uncanny sense of smell can sniff out nearby items.


Message History

Something hits you!
You see here a jackal corpse.
Your shadow imp closely misses something.
Your shadow imp barely misses something.
There is a shattered altar of Ashenzari, spattered with blood here.
You kneel at the altar of Ashenzari.
Ashenzari welcomes you!
c - an uncursed shield;
f - an uncursed ring of see invisible
o - a cursed -3 ring of intelligence You can now curse your items.
Something hits you.
* * * LOW HITPOINT WARNING * * *
Your shadow imp hits something. x2
Casting: Call Imp (safe; 5% risk of failure)
Confirm with . or Enter, or press ? or * to list all spells.
A beastly little devil appears in a puff of frigid air.
Your shadow imp barely misses something.
Your shadow imp closely misses something.
Something hits you.
You die...

∆ ### ### ∆
#⌠.##+##.⌠# ###
#.........# ..#
#.......# #.# .#
#.......# #.##.#
+...@...+ #..#.#
#.55†5..# #..#.#
#.5{....#####..#.#
#...............#.#
#⌠..#+##.⌠#..##.#.#
###. #.##.......#
.# ......###.### ..
..#..#####.######
##.
#.##..............


You could see a friendly crimson imp, a friendly white imp and 2 friendly shadow
imps.

Vanquished Creatures
  An adder (D:2)
  A leopard gecko (D:1)
  4 giant cockroaches
  5 goblins
  9 hobgoblins
  5 bats
  3 frilled lizards (D:1)
  6 kobolds
  4 rats (D:1)
38 creatures vanquished.

Vanquished Creatures (collateral kills)
  A worm (D:2)
  3 jackals (D:2)
4 creatures vanquished.

Grand Total: 42 creatures vanquished

Notes
Turn   | Place    | Note
-------+----------+-------------------------------------------
     0 | D:1      | Cecky the Gnoll Wizard began the quest for the Orb.
     0 | D:1      | Reached XP level 1. HP: 13/13 MP: 8/8
   241 | D:1      | Reached XP level 2. HP: 19/19 MP: 5/10
   407 | D:1      | Learned a level 2 spell: Blink
   410 | D:1      | Learned a level 2 spell: Call Imp
   971 | D:1      | Reached XP level 3. HP: 25/25 MP: 4/11
   976 | D:1      | Learned a level 3 spell: Mephitic Cloud
  1356 | D:2      | Reached skill level 1 in Invocations
  1554 | D:2      | Found a sacrificial altar of Ru.
  1805 | D:2      | Reached skill level 1 in Fighting
  1805 | D:2      | Reached skill level 1 in Short Blades
  1805 | D:2      | Reached skill level 1 in Long Blades
  1805 | D:2      | Reached skill level 1 in Axes
  1805 | D:2      | Reached skill level 1 in Maces & Flails
  1805 | D:2      | Reached skill level 1 in Polearms
  1805 | D:2      | Reached skill level 1 in Staves
  1805 | D:2      | Reached skill level 1 in Slings
  1805 | D:2      | Reached skill level 1 in Bows
  1805 | D:2      | Reached skill level 1 in Crossbows
  1805 | D:2      | Reached skill level 1 in Throwing
  1805 | D:2      | Reached skill level 1 in Armour
  1805 | D:2      | Reached skill level 1 in Shields
  1805 | D:2      | Reached skill level 1 in Unarmed Combat
  1805 | D:2      | Reached skill level 1 in Evocations
  1952 | D:2      | Found a shattered altar of Ashenzari.
  1968 | D:2      | Noticed Sigmund
  1978 | D:2      | Became a worshipper of Ashenzari the Shackled
  1979 | D:2      | Slain by Sigmund

Vault maps used:
D:1:      tarquinn_simple_flora_water_d, item_on_display_b
D:2:      marbit_many_paths, vehumet_crystals, nicolae_ru_awakened_eye,
          evilmike_ruin_ashenzari, kennysheep_generic_room_9, uniq_sigmund

Skill      XL: |  1  2  3 |
---------------+----------+-----
Conjurations   | 2 |  2.1
Summonings     | 2 |  2.1
Translocations | 2 |  2.1
Invocations    | 1 |  1.0
Fighting       | 1 |  1.0
Short Blades   | 1 |  1.0
Long Blades    | 1 |  1.0
Axes           | 1 |  1.0
Maces & Flails | 1 |  1.0
Polearms       | 1 |  1.0
Staves         | 1 |  1.0
Slings         | 1 |  1.0
Bows           | 1 |  1.0
Crossbows      | 1 |  1.0
Throwing       | 1 |  1.0
Armour         | 1 |  1.0
Shields        | 1 |  1.0
Unarmed Combat | 1 |  1.0
Evocations     | 1 |  1.0
Dodging        | |  4.6
Stealth        | |  4.2
Spellcasting   | |  7.1
Hexes          | |  0.7
Charms         | |  0.7
Necromancy     | |  0.7
Transmutations | |  0.7
Fire Magic     | |  0.7
Ice Magic      | |  0.7
Air Magic      | |  0.7
Earth Magic    | |  0.7
Poison Magic   | |  0.7

Action                   || total
-------------------------++-------
Melee: Hand axe          ||     6
 Cast: Magic Dart        ||    88
       Call Imp          ||     7
  Eat: Chunk             ||     3
Armor: Robe              ||     1
Dodge: Dodged            ||    11

Table legend:
 A = Non-vault XP
 B = Vault XP
 C = Vault XP percentage of total XP
 D = Non-vault monster count
 E = Vault monster count
 F = Vault count percentage of total count
                 A         B        C        D         E       F
            +---------+---------+-------+---------+---------+-------
      Total |      81 |       0 |   0.0 |      42 |       0 |   0.0
            +---------+---------+-------+---------+---------+-------
        D:1 |      39 |       0 |   0.0 |      25 |       0 |   0.0
        D:2 |      42 |       0 |   0.0 |      17 |       0 |   0.0
            +---------+---------+-------+---------+---------+-------
